Description

3 obs 3 colo extended thermal, blink, charge and +1 at about 7:00

Replay - A.I. 1 (Very Easy) v DieCesar - 2000 Atmospheres LE

Build Order

Get SALT Encoding   

  12  0:00  Probe  
  13  0:12  Probe  
  14  0:17  Pylon  
  14  0:25  Probe  
  15  0:36  Gateway  
  15  0:37  Probe (Chrono Boost)  
  16  0:47  Probe (Chrono Boost)  
  17  0:52  Probe  
  17  0:54  Assimilator  
  18  1:05  Probe  
  19  1:17  Probe  
  20  1:24  Cybernetics Core  
  20  1:34  Nexus  
  20  1:38  Pylon  
  20  1:41  Probe  
  20  1:46  Assimilator  
  21  1:53  Probe  
  22  1:59  Adept (Chrono Boost)  
  24  2:01  Warp Gate  
  26  2:23  Stalker  
  28  2:35  Shield Battery  
  29  2:40  Twilight Council  
  31  2:58  Robotics Facility  
  37  3:21  Gateway x2  
  39  3:28  Blink (Chrono Boost)  
  41  3:41  Pylon x2  
  41  3:46  Observer  
  43  3:50  Stalker  
  46  3:57  Assimilator x2  
  47  4:07  Observer  
  47  4:08  Pylon  
  49  4:14  Forge  
  50  4:24  Robotics Bay  
  52  4:36  Observer  
  55  4:51  Stalker x3  
  63  5:00  Nexus  
  64  5:13  Colossus (Chrono Boost)  
  72  5:22  Extended Thermal Lance  
  74  5:32  Protoss Ground Weapons Level 1  
  74  5:40  Charge (Chrono Boost)  
  74  5:42  Shield Battery  
  77  5:57  Gateway x2  
  77  6:03  Colossus (Chrono Boost)  
  85  6:16  Assimilator x2  
  91  6:34  Sentry x3  
  98  6:45  Colossus (Chrono Boost)  
  107  7:03  Stalker x4  
  116  7:20  Stalker  
  118  7:27  Warp Prism (Chrono Boost)  
  118  7:28  Nexus  
  120  7:30  Protoss Ground Weapons Level 2 (Chrono Boost), Templar Archives  
  120  7:33  Gateway x3  
  121  7:40  Zealot x4  
  131  7:45  Observer  
  131  7:59  Shield Battery x2  
  131  8:11  High Templar x4  
  139  8:13  Zealot  
  139  8:18  Gateway x2  
  141  8:24  Archon x2  
  144  8:29  Zealot  
  146  8:37  Assimilator x2  
  149  8:49  High Templar x6  
  149  8:51  Zealot x2  
  149  8:54  Archon x3  
  164  9:18  Zealot x2  
  164  9:22  Archon  
  174  9:39  Nexus  
  174  9:44  Archon  
Spawning Tool Build Advisor. Get it on Overwolf

Analysis

The point is to constantly scout and favor tech over expos so you're not stretched out.

Go to:

Details

  • Created by: diecesar
  • Published on: Jul 09, 2021
  • Modified on: Jul 09, 2021
  • Patch: 4.11.0
  • Difficulty: Medium
Show
View Real Time Build Order
Export as new Build Order

Comments (0)

There are no comments. Be the first!

Create an account to comment!